 Dungeon Crawl Stone Soup version 0.19.1 (webtiles) character file.

2695 Rrauwl the Martial Artist (level 9, -1/73 HPs)
             Began as a Merfolk Monk on Nov 27, 2016.
             Was a High Priest of Okawaru.
             Slain by an orc warrior
             ... wielding a +0 halberd
              (12 damage)
             ... on level 6 of the Dungeon.
             The game lasted 00:37:35 (6525 turns).

Rrauwl the Martial Artist (Merfolk Monk)            Turns: 6525, Time: 00:37:36

Health: -1/73      AC:  7    Str: 12    XL:     9   Next: 65%
Magic:  0/12       EV: 18    Int: 12    God:    Okawaru [*****.]
Gold:   260        SH:  0    Dex: 16    Spells: 1 memorised, 11 levels left

rFire  . . .     SeeInvis +       - Unarmed
rCold  . . .     Gourm    .     v - +0 robe
rNeg   + . .     Faith    .     (no shield)
rPois  .         Spirit   +     c - +2 hat {SInv}
rElec  .         Reflect  .     d - +2 cloak
rCorr  .         Harm     .     (no gloves)
MR     .....                    (no boots)
Stlth  ++........               t - amulet of guardian spirit
                                (no ring)
                                h - ring of positive energy

@: no status effects
A: change form in water, swift swim, stealthy swim
a: Heroism, Finesse, Renounce Religion


You were on level 6 of the Dungeon.
You worshipped Okawaru.
Okawaru was extremely pleased with you.
You were not hungry.

You visited 1 branch of the dungeon, and saw 6 of its levels.

You collected 298 gold pieces.
You spent 38 gold pieces at shops.

Inventory:

Missiles
 e - 109 arrows
Armour
 c - a +2 hat of see invisible (worn)
 d - a +2 cloak (worn)
 s - a +2 plate armour of poison resistance
 v - a +0 robe (worn)
Jewellery
 h - a ring of positive energy (left hand)
 t - an amulet of guardian spirit (around neck)
Scrolls
 i - 5 scrolls of identify
 j - a scroll of magic mapping
 k - a scroll of fear
 o - 4 scrolls of teleportation
 p - a scroll of enchant weapon
Potions
 a - a potion of cure mutation
 f - a potion of lignification
 g - 4 potions of curing
 l - 3 potions of brilliance
 u - a potion of haste
Books
 b - a book of Misfortune

   Spells                             Type                      Level
   a - Confusing Touch                Hexes                        1
   b - Confuse                        Hexes                        3
   c - Gell's Gravitas                Hexes/Translocation          3
   d - Petrify                        Transmutation/Earth          4
   e - Metabolic Englaciation         Hexes/Ice                    5
   f - Yara's Violent Unravelling     Hexes/Transmutation          5
 q - a book of Minor Magic

   Spells                             Type                      Level
   a - Magic Dart                     Conjuration                  1
   b - Blink                          Translocation                2
   c - Call Imp                       Summoning                    2
   d - Repel Missiles                 Charms/Air                   2
   e - Slow                           Hexes                        2
   f - Conjure Flame                  Conjuration/Fire             3
   g - Mephitic Cloud                 Conjuration/Poison/Air       3
Comestibles
 m - a meat ration
 n - 2 bread rations
 r - 9 chunks of flesh


   Skills:
 + Level 7.7 Fighting
 - Level 9.0 Dodging
 - Level 2.1 Stealth
 + Level 10.1 Unarmed Combat
 + Level 2.0 Spellcasting
 + Level 2.0 Hexes


You had 11 spell levels left.
You knew the following spells:

 Your Spells              Type           Power        Failure   Level  Hunger
a - Confusing Touch       Hex            #.....       12%         1    ##.....


Dungeon Overview and Level Annotations

Branches:
Dungeon (6/15)             Temple (0/1) D:6

Altars:
Elyvilon
Fedhas
Gozag
Hepliaklqana
Makhleb
Okawaru
Qazlal
Zin

Shops:
D:4 *

Annotations:
D:5 Eustachio


Message History

The orc warrior hits you with a halberd!
* * * LOW HITPOINT WARNING * * *
You closely miss the orc warrior.
The orc warrior is severely wounded.
The orc warrior closely misses you.
You hit the orc warrior but do no damage.
The orc warrior is severely wounded.
You hit the orc warrior.
The orc warrior is severely wounded.
The orc warrior misses you.
You barely miss the orc warrior. You punch the orc warrior.
The orc warrior is almost dead.
The orc warrior hits you with a halberd!
* * * LOW HITPOINT WARNING * * *
You barely miss the orc warrior.
The orc warrior is almost dead.
You closely miss the orc warrior.
The orc warrior is almost dead.
The orc warrior hits you with a halberd!
You die...

#............#.#.
.#.....#.######.##
.........### #.##
###.......(..####...
#.....##...)...#####
#.....##.......#
#.....##...[...#####
#..o..##............
#..@..##.......#####
###'############ #
#.######### #
#.........# #
#########.########
#.........
########## # #


You could see an orc warrior.

Vanquished Creatures
  Pikel (D:6)
  Grinder (D:5)
  Sigmund (D:6)
  The ghost of kalodont the Sneak, an amateur KoEn of Okawaru (D:5)
  Menkaure (D:5)
  Edmund (D:5)
  Duvessa (D:4)
  2 slaves (D:6)
  A necrophage (D:6)
  4 ogres
  2 centaurs (D:5)
  Dowan (D:4)
  2 howler monkeys
  2 crimson imps
  A centaur zombie (D:5)
  2 orc wizards
  An orc priest (D:6)
  A centaur skeleton (D:5)
  3 hounds
  A jelly (D:5)
  An iguana (D:5)
  7 worker ants
  4 adders
  2 oozes
  2 adder skeletons (D:6)
  2 worms (D:2)
  4 dart slugs
  6 leopard geckos
  14 orcs
  3 ball pythons
  6 bats
  3 giant cockroaches
  6 goblins
  4 hobgoblins
  16 jackals
  7 kobolds
  A quokka (D:4)
  A ball python skeleton (D:4)
  2 frilled lizards
  5 rats
126 creatures vanquished.

Vanquished Creatures (others)
  A giant cockroach (D:6)
1 creature vanquished.

Grand Total: 127 creatures vanquished

Notes
Turn   | Place    | Note
-------+----------+-------------------------------------------
     0 | D:1      | Rrauwl the Merfolk Monk began the quest for the Orb.
     0 | D:1      | Reached XP level 1. HP: 18/18 MP: 1/1
    97 | D:1      | Reached XP level 2. HP: 14/24 MP: 2/2
   124 | D:1      | Reached skill level 4 in Unarmed Combat
   327 | D:1      | Reached XP level 3. HP: 23/29 MP: 3/3
   727 | D:2      | Reached skill level 5 in Unarmed Combat
  1078 | D:2      | Found an iron altar of Okawaru.
  1094 | D:2      | Reached XP level 4. HP: 6/35 MP: 4/4
  1107 | D:2      | Became a worshipper of Warmaster Okawaru
  1107 | D:2      | Reached * piety under Okawaru
  1107 | D:2      | Reached ** piety under Okawaru
  1811 | D:3      | Found a hazy altar of Hepliaklqana.
  1822 | D:3      | Found a glowing silver altar of Zin.
  1881 | D:3      | Found a stormy altar of Qazlal.
  1981 | D:3      | Reached skill level 6 in Unarmed Combat
  2129 | D:3      | Noticed an ogre
  2144 | D:3      | Killed an ogre
  2144 | D:3      | Reached XP level 5. HP: 7/41 MP: 5/5
  2483 | D:3      | Found a blossoming altar of Fedhas.
  2494 | D:3      | Reached skill level 7 in Unarmed Combat
  2810 | D:4      | Reached XP level 6. HP: 42/47 MP: 6/6
  2977 | D:4      | Noticed Duvessa
  2977 | D:4      | Noticed Dowan
  2982 | D:4      | Killed Duvessa
  2991 | D:4      | Killed Dowan
  2991 | D:4      | Reached skill level 5 in Dodging
  3194 | D:4      | Found a burning altar of Makhleb.
  3204 | D:4      | Reached XP level 7. HP: 39/54 MP: 7/7
  3484 | D:4      | Found Zesahung's General Store.
  3512 | D:4      | Bought a scroll of fear for 38 gold pieces
  3671 | D:4      | Reached *** piety under Okawaru
  3805 | D:5      | Entered Level 5 of the Dungeon
  3805 | D:5      | Noticed Menkaure
  3859 | D:5      | Reached skill level 8 in Unarmed Combat
  4002 | D:5      | Killed Menkaure
  4002 | D:5      | Reached skill level 5 in Fighting
  4002 | D:5      | Reached XP level 8. HP: 24/62 MP: 8/8
  4206 | D:5      | Learned a level 1 spell: Confusing Touch
  4357 | D:5      | Found a white marble altar of Elyvilon.
  4705 | D:5      | Noticed Edmund
  4763 | D:5      | Killed Edmund
  4778 | D:5      | Noticed Eustachio
  4784 | D:5      | Reached **** piety under Okawaru
  5103 | D:6      | Reached skill level 9 in Unarmed Combat
  5223 | D:6      | Found a staircase to the Ecumenical Temple.
  5308 | D:5      | Noticed kalodont's ghost (amateur KoEn)
  5344 | D:5      | Killed kalodont's ghost
  5344 | D:5      | Reached XP level 9. HP: 21/71 MP: 9/9
  5511 | D:5      | Noticed Grinder
  5548 | D:5      | Killed Grinder
  6218 | D:6      | Learned a level 1 spell: Confusing Touch
  6288 | D:6      | Noticed Pikel
  6307 | D:6      | Killed Pikel
  6307 | D:6      | Reached ***** piety under Okawaru
  6307 | D:6      | Reached skill level 1 in Spellcasting
  6307 | D:6      | Reached skill level 1 in Hexes
  6315 | D:6      | Found an opulent altar of Gozag.
  6416 | D:6      | Noticed Sigmund
  6424 | D:6      | Killed Sigmund
  6424 | D:6      | Reached skill level 10 in Unarmed Combat
  6525 | D:6      | Slain by an orc warrior

Skill      XL: |  1  2  3  4  5  6  7  8  9 |
---------------+----------------------------+-----
Unarmed Combat | 4 5 6 7 8 9 10 | 10.1
Fighting       | 4 5 6 7 |  7.7
Dodging        | 5 6 8 9 |  9.0
Spellcasting   | 2 |  2.0
Hexes          | 2 |  2.0
Stealth        | |  2.1

Action                   |  1- 3 |  4- 6 |  7- 9 || total
-------------------------+-------+-------+-------++-------
Melee: Unarmed           |   114 |   191 |   401 ||   706
       Punch             |     3 |     5 |    18 ||    26
Invok: Heroism           |       |       |     3 ||     3
  Use: Potion            |     4 |     5 |     5 ||    14
       Scroll            |     2 |     4 |     3 ||     9
 Stab: Sleeping          |     5 |     3 |     3 ||    11
  Eat: Chunk             |     1 |     2 |     3 ||     6
       Bread ration      |       |     1 |       ||     1
       Pizza             |       |       |     2 ||     2
       Beef jerky        |       |       |     1 ||     1
       Meat ration       |       |       |     1 ||     1
Armor: Robe              |    24 |    48 |    48 ||   120
Dodge: Dodged            |    86 |   110 |   217 ||   413
